 Dungeon Crawl Stone Soup version 0.20-a0-1086-g4bd2f5b (webtiles) character file.

6564 Dfrag the Arsonist (level 11, -23/72 HPs)
             Began as a Naga Fire Elementalist on Apr 3, 2017.
             Annihilated by a two-headed ogre
             ... wielding a +0 giant club
              (24 damage)
             ... on level 8 of the Dungeon on May 1, 2017.
             The game lasted 00:18:19 (7893 turns).

Dfrag the Arsonist (Naga Fire Elementalist)         Turns: 7893, Time: 00:18:19

Health: -23/72     AC:  9    Str: 12    XL:     11   Next: 1%
Magic:  5/35       EV:  8    Int: 18    God:
Gold:   498        SH:  0    Dex: 15    Spells: 15/28 levels left

rFire    . . .     SeeInvis +   F - +0 dagger (venom)
rCold    . . .     Gourm    .   (no shield)
rNeg     + . .     Faith    .   a - +0 robe
rPois    +         Spirit   .   f - +0 helmet
rElec    .         Reflect  .   M - scarf {repulsion}
rCorr    .         Harm     .   (no gloves)
MR       +....                  x - +0 naga barding
Stlth    ++........             (no amulet)
Regen    0.0/turn               u - ring of positive energy (curse)
MPRegen  0.3/turn               z - ring of magical power

@: repel missiles, very slow
A: stinger 1, see invisible, agile 1, blink, deformed body, frail 1, high mp 1,
poison resistance, slowness 2, inhibited regeneration, slow metabolism 1, spit
poison 1, strong 1, sturdy frame 1, AC +3
a: Spit Poison, Blink


You were on level 8 of the Dungeon.
You were not hungry.

You visited 2 branches of the dungeon, and saw 9 of its levels.

You collected 498 gold pieces.

Inventory:

Hand Weapons
 F - a +0 dagger of venom (weapon)
Armour
 a - a +0 robe (worn)
 f - a +0 helmet (worn)
 t - a scarf of cold resistance
 x - a +0 naga barding (worn)
 J - a +0 cloak of invisibility
 M - a scarf of repulsion (worn)
Jewellery
 u - a cursed ring of positive energy (left hand)
 z - a ring of magical power (right hand)
 D - an uncursed ring of see invisible {unknown}
 E - a cursed -5 ring of protection {unknown}
Wands
 A - a wand of disintegration (9/24)
 B - a wand of iceblast (6/15)
 O - a wand of iceblast (5/15)
 Q - a wand of flame (28/48)
Scrolls
 e - 2 scrolls of fear {unknown}
 i - 3 scrolls of remove curse {unknown}
 j - a scroll of vulnerability {unknown}
 k - 2 scrolls of fog {unknown}
 l - a scroll of immolation {unknown}
 m - 3 scrolls of magic mapping {unknown}
 n - 2 scrolls of teleportation
 p - a scroll of blinking {unknown}
 r - a scroll of enchant armour {unknown}
 s - 8 scrolls of identify {unknown}
 w - 4 scrolls of recharging {unknown}
 y - 2 scrolls of enchant weapon {unknown}
Potions
 d - 3 potions of curing
 q - a potion of ambrosia
 v - 2 potions of heal wounds
 C - 3 potions of degeneration {unknown}
 G - a potion of invisibility {unknown}
 I - a potion of flight {unknown}
 N - a potion of brilliance
Books
 b - a book of Flames

   Spells                             Type                      Level
   a - Flame Tongue                   Conjuration/Fire             1
   b - Throw Flame                    Conjuration/Fire             2
   c - Conjure Flame                  Conjuration/Fire             3
   d - Inner Flame                    Hexes/Fire                   3
   e - Sticky Flame                   Conjuration/Fire             4
   f - Fireball                       Conjuration/Fire             5
 H - a book of Cantrips

   Spells                             Type                      Level
   a - Confusing Touch                Hexes                        1
   b - Animate Skeleton               Necromancy                   1
   c - Summon Small Mammal            Summoning                    1
   d - Apportation                    Translocation                1
 K - a book of Conjurations

   Spells                             Type                      Level
   a - Magic Dart                     Conjuration                  1
   b - Searing Ray                    Conjuration                  2
   c - Dazzling Spray                 Conjuration/Hexes            3
   d - Fulminant Prism                Conjuration/Hexes            4
   e - Force Lance                    Conjuration/Translocation    4
   f - Iskenderun's Mystic Blast      Conjuration                  4
 L - a book of Battle

   Spells                             Type                      Level
   a - Infusion                       Charms                       1
   b - Shroud of Golubria             Charms/Translocation         2
   c - Song of Slaying                Charms                       2
   d - Spectral Weapon                Hexes/Charms                 3
   e - Regeneration                   Charms/Necromancy            3
Comestibles
 c - 5 bread rations
 g - 6 meat rations
 h - 4 royal jellies
 o - 30 fruits


   Skills:
 - Level 1.5 Dodging
 - Level 3.0 Stealth
 + Level 9.0 Spellcasting
 + Level 9.5 Conjurations
 + Level 10.0 Fire Magic


You had 15 spell levels left.
You knew the following spells:

 Your Spells              Type           Power        Failure   Level  Hunger
a - Flame Tongue          Conj/Fire      #####        1%          1    None
b - Conjure Flame         Conj/Fire      #####...     1%          3    None
c - Sticky Flame          Conj/Fire      #####...     1%          4    ###....
e - Fireball              Conj/Fire      #####.....   4%          5    #####..


Dungeon Overview and Level Annotations

Branches:
Dungeon (8/15)             Temple (1/1) D:6
   Lair: D:8-11

Altars:
Ashenzari
Cheibriados
Dithmenos
Elyvilon
Fedhas
Hepliaklqana
Kikubaaqudgha
Qazlal
Ru
Trog
Uskayaw
Xom
Zin
The Shining One


Innate Abilities, Weirdness & Mutations

You cannot wear boots.
Your serpentine skin is tough. (AC +3)
You have supernaturally acute eyesight. (SInv)
Armour fits poorly on your strangely shaped body.
Your system is resistant to poisons. (rPois)
You cover ground very slowly.
You have a slow metabolism.
You can spit poison.
Your tail ends in a poisonous barb.
You are agile. (Dex +2)
You can translocate small distances at will.
You are frail. (-10% HP)
You have an increased reservoir of magic. (+10% MP)
You do not regenerate when monsters are visible.
Your muscles are strong. (Str +2)
Your movements are slightly less encumbered by armour. (ER -2)


Message History

a giant club; a giant spiked club You eat one of the 5 royal jellies.
That royal jelly was delicious!
The two-headed ogre hits you with a giant club!
* * * LOW HITPOINT WARNING * * *
The two-headed ogre hits you with a giant club!!
* * * LOW HITPOINT WARNING * * *
Unknown command.
Casting: Fireball
Confirm with . or Enter, or press ? or * to list all spells.
Aiming: Sticky Flame
Press: ? - help, Shift-Dir - straight line, f/p - two-headed ogre
Aim: a two-headed ogre, wielding two giant clubs (severely wounded)
The sticky flame hits the two-headed ogre.
The two-headed ogre is severely wounded.
The two-headed ogre is covered in liquid flames!
The two-headed ogre burns!
Unknown command.
The two-headed ogre burns!
The two-headed ogre barely misses you.
The two-headed ogre hits you with a giant club!!
You die...

#####.###### #.# #########.#
#..........## #.# ######.##
#.###.###...# #.# #.....###
.......##...####.# #.####.#.
..###.........##.# #.# ##.. ..#
#............# #.### ##. (.#
##...........###### #...# #.
..####.##........##...# ###.# #.
.......##.......@O....# #.# ##
..###..###.#.....##...# #.# #
..........[#..)).###.######.#####
##.##..########.## #.............
#.##..########.# #.######.#####
#.##...........####.## #.#
#.###................# ###.####.
#.# ##########.#.....# #.....##.
#.# #.####..# #.....##.


You could see a two-headed ogre (burning).

Vanquished Creatures
  3 two-headed ogres (D:8)
  The ghost of Iodinin the Skirmisher, a novice OpSk of Okawaru (D:8)
  The ghost of casanoah the Chiller, a novice NaIE (D:5)
  Grinder (D:6)
  A hippogriff (D:7)
  Sigmund (D:4)
  Eustachio (D:6)
  The ghost of Sashimi the Changer, an amateur DrTm of Makhleb (D:4)
  Edmund (D:4)
  Duvessa (D:6)
  2 orc warriors
  An ice beast (D:6)
  2 phantoms
  2 sky beasts
  A black bear (D:6)
  A necrophage (D:8)
  3 ogres
  2 centaurs (D:6)
  A big kobold (D:8)
  3 bullfrogs
  A gnoll sergeant (D:7)
  A wyvern zombie (D:6)
  Dowan (D:6)
  2 scorpions
  2 centaur zombies
  A crimson imp (D:8)
  A quasit (D:6)
  2 bullfrog zombies
  2 jellies
  3 hounds
  2 orc priests
  Crazy Yiuf (D:6)
  A centaur skeleton (D:6)
  An iguana (D:5)
  4 orc wizards
  2 worker ants
  A hound skeleton (D:4)
  A howler monkey zombie (D:6)
  7 adders
  8 gnolls
  2 howler monkey skeletons
  A shadow imp (D:8)
  2 adder skeletons (D:6)
  2 worms (D:2)
  5 dart slugs
  8 leopard geckos
  19 orcs
  2 giant cockroaches
  6 hobgoblins
  5 jackals (D:1)
  2 quokkas
  2 ball pythons
  10 bats
  4 frilled lizards
  7 goblins
  10 kobolds
  A leopard gecko skeleton (D:5)
  A quokka zombie (D:7)
  10 rats
173 creatures vanquished.

Vanquished Creatures (others)
  A bullfrog (D:6)
  A crimson imp (D:6)
  A worker ant (D:6)
  An adder (D:6)
4 creatures vanquished.

Grand Total: 177 creatures vanquished

Notes
Turn   | Place    | Note
-------+----------+-------------------------------------------
     0 | D:1      | Dfrag the Naga Fire Elementalist began the quest for the Orb.
     0 | D:1      | Reached XP level 1. HP: 15/15 MP: 3/3
    44 | D:1      | Reached XP level 2. HP: 8/22 MP: 0/5
    62 | D:1      | HP: 1/22 [bat (1)]
   510 | D:1      | Reached XP level 3. HP: 25/28 MP: 6/6
  1188 | D:2      | Reached XP level 4. HP: 17/36 MP: 2/7
  1201 | D:2      | Found a faded altar of an unknown god.
  1209 | D:2      | Upgraded the game from 0.20-a0-947-g2784f4f to 0.20-a0-950-g92a50c4
  2301 | D:3      | Reached skill level 4 in Fire Magic
  2301 | D:3      | Reached XP level 5. HP: 39/42 MP: 9/9
  2314 | D:3      | Learned a level 3 spell: Conjure Flame
  2319 | D:3      | Learned a level 4 spell: Sticky Flame
  3128 | D:4      | Noticed Sigmund
  3142 | D:4      | Killed Sigmund
  3142 | D:4      | Reached XP level 6. HP: 25/49 MP: 2/11
  3267 | D:4      | Noticed Sashimi's ghost (amateur DrTm)
  3271 | D:4      | Gained mutation: Your movements are slightly less encumbered by armour. (ER -2) [potion of mutation]
  3271 | D:4      | Gained mutation: You can translocate small distances at will. [potion of mutation]
  3271 | D:4      | Gained mutation: You are frail. (-10% HP) [potion of mutation]
  3271 | D:4      | Gained mutation: You are agile. (Dex +2) [potion of mutation]
  3316 | D:4      | Killed Sashimi's ghost
  3316 | D:4      | Reached skill level 5 in Fire Magic
  3316 | D:4      | Reached XP level 7. HP: 43/49 MP: 1/13
  3431 | D:4      | Noticed Edmund
  3443 | D:4      | Killed Edmund
  3613 | D:5      | Entered Level 5 of the Dungeon
  3966 | D:5      | Noticed casanoah's ghost (novice NaIE)
  4003 | D:4      | Upgraded the game from 0.20-a0-950-g92a50c4 to 0.20-a0-1018-ge435b50
  4138 | D:5      | Upgraded the game from 0.20-a0-1018-ge435b50 to 0.20-a0-1086-g4bd2f5b
  4197 | D:6      | Found a shimmering altar of Xom.
  4235 | D:6      | Found a staircase to the Ecumenical Temple.
  4256 | Temple   | Entered the Ecumenical Temple
  4304 | D:6      | Reached skill level 5 in Conjurations
  4309 | D:6      | Reached skill level 5 in Spellcasting
  4309 | D:6      | Reached skill level 6 in Fire Magic
  4309 | D:6      | Reached XP level 8. HP: 10/55 MP: 15/15
  4632 | D:6      | Noticed Grinder
  4641 | D:6      | Killed Grinder
  4654 | D:6      | Noticed Duvessa
  4660 | D:6      | Noticed Dowan
  4665 | D:6      | Killed Duvessa
  4668 | D:6      | Killed Dowan
  4865 | D:6      | Reached skill level 7 in Fire Magic
  4865 | D:6      | Reached XP level 9. HP: 32/61 MP: 17/18
  5055 | D:6      | Noticed Eustachio
  5065 | D:6      | Killed Eustachio
  5322 | D:6      | Found a runed door.
  5326 | D:6      | Noticed Crazy Yiuf
  5331 | D:6      | Killed Crazy Yiuf
  5381 | D:6      | Learned a level 5 spell: Fireball
  5818 | D:5      | Killed casanoah's ghost
  5818 | D:5      | Reached skill level 8 in Fire Magic
  6330 | D:7      | Gained mutation: You have an increased reservoir of magic. (+10% MP) [mutagenic meat]
  6331 | D:7      | Gained mutation: Your tail ends in a poisonous barb. [mutagenic meat]
  6332 | D:7      | Gained mutation: You do not regenerate when monsters are visible. [mutagenic meat]
  6333 | D:7      | Gained mutation: Your muscles are strong. (Str +2) [mutagenic meat]
  6527 | D:7      | Reached XP level 10. HP: 62/67 MP: 23/23
  7140 | D:8      | Noticed Iodinin's ghost (novice OpSk)
  7181 | D:8      | Noticed a two-headed ogre
  7192 | D:8      | Killed a two-headed ogre
  7192 | D:8      | Reached skill level 9 in Fire Magic
  7711 | D:8      | Killed Iodinin's ghost
  7779 | D:8      | Noticed a two-headed ogre
  7786 | D:8      | Killed a two-headed ogre
  7876 | D:8      | Noticed a two-headed ogre
  7881 | D:8      | Killed a two-headed ogre
  7881 | D:8      | Reached skill level 10 in Fire Magic
  7881 | D:8      | Reached XP level 11. HP: 58/72 MP: 15/26
  7885 | D:8      | Noticed a two-headed ogre
  7891 | D:8      | HP: 1/72 [two-headed ogre/giant club (18)]
  7893 | D:8      | Annihilated by a two-headed ogre

Vault maps used:
D:1:      scummos_arrival_checkerplants
D:2:      chequers_ecumenical_altar_simple, moated_statue
D:3:      first_bread
D:4:      uniq_sigmund, uniq_edmund
D:6:      minmay_temple_entry_glass, xom_confusion_cloud, uniq_eustachio,
          uniq_duvessa, uniq_crazy_yiuf_cottage, uniq_grinder
D:8:      lemuel_round_altar, blue_anna_alchemist
Temple:   nicolae_temple_great_sept

Skill      XL: |  1  2  3  4  5  6  7  8  9 10 |
---------------+-------------------------------+-----
Conjurations   | 2 3 4 5 6 8 9 |  9.5
Spellcasting   | 3 4 5 6 7 9 |  9.0
Fire Magic     | 4 5 6 7 8 10 | 10.0
Dodging        | |  1.5
Stealth        | |  3.0

Action                   |  1- 3 |  4- 6 |  7- 9 | 10-12 || total
-------------------------+-------+-------+-------+-------++-------
Melee: Unarmed           |    21 |     1 |       |       ||    22
       Dagger            |       |   117 |    95 |    25 ||   237
       Tailslap          |       |       |       |     6 ||     6
 Cast: Flame Tongue      |    33 |    27 |   165 |    39 ||   264
       Sticky Flame      |       |       |    22 |    17 ||    39
       Fireball          |       |       |     6 |    15 ||    21
 Abil: Spit Poison       |    23 |     9 |     5 |       ||    37
Evoke: Wand              |       |       |     2 |       ||     2
  Use: Potion            |     1 |     5 |     1 |       ||     7
       Scroll            |       |       |       |     1 ||     1
 Stab: Sleeping          |       |     5 |     1 |       ||     6
       Distracted        |       |       |       |     1 ||     1
  Eat: Chunk             |     2 |     7 |    18 |     7 ||    34
       Royal jelly       |       |       |       |     1 ||     1
Armor: Robe              |    20 |    50 |   131 |    19 ||   220
       Skin              |       |    26 |       |       ||    26
Dodge: Dodged            |    51 |    51 |   106 |    22 ||   230
       Deflected         |       |       |       |     1 ||     1
